 Dungeon Crawl Stone Soup version 0.29-a0-330-g52719c12eb (webtiles) character file.

Game seed: 6117947843321451848

6412 Ajdolov the Gouger (level 10, -2/43 HPs)
             Began as a Felid Enchanter on May 7, 2022.
             Was a Believer of Ru.
             Killed from afar by an electric eel (10 damage)
             ... with a bolt of electricity
             ... on level 1 of the Lair of Beasts.
             The game lasted 00:25:42 (13984 turns).

Ajdolov the Gouger (Felid Enchanter)               Turns: 13984, Time: 00:25:42

Health: -2/43      AC:  2    Str:  4    XL:     10   Next: 66%
Magic:  10/14      EV: 21    Int: 21    God:    Ru [**....]
Gold:   1492       SH:  0    Dex: 17    Spells: 11/13 levels left
                                        Lives:  0   Deaths: 3

rFire   . . .      SeeInvis +     - Unarmed
rCold   . . .      Faith    .   (shield unavailable)
rNeg    . . .      Spirit   .   (body armour unavailable)
rPois   .          Reflect  .   (helmet unavailable)
rElec   .          Harm     .   (cloak unavailable)
rCorr   .          Rampage  .   (gloves unavailable)
Will    ++...                   (boots unavailable)
Stlth   +++++.....              j - amulet of regeneration
HPRegen 0.94/turn               (ring unavailable)
MPRegen 0.14/turn               s - ring of willpower

@: quick
A: very small, claws 1, fangs 3, see invisible, speed 1, shaggy fur 2, missing a
hand, stealthy paws, no weapons or thrown items, no armour, multi-lived
a: Renounce Religion


You were on level 1 of the Lair of Beasts.
You worshipped Ru.
Ru was pleased with you.
You visited 3 branches of the dungeon, and saw 13 of its levels.

You collected 1492 gold pieces.

Inventory:

Jewellery
 j - an amulet of regeneration (around neck)
 m - a ring of protection from cold
 s - a ring of willpower (right paw)
 w - a +4 ring of protection
 C - a ring of poison resistance
 D - the ring of High {Fly rF+}
   (You found it on level 7 of the Dungeon)

   [ring of flight]

   rF:        It protects you from fire.
   Fly:       It grants you flight.
 F - a +4 ring of evasion
 G - a +4 ring of protection
Wands
 r - a wand of digging (3)
 E - a wand of iceblast (3)
 L - a wand of flame (4)
Scrolls
 b - 4 scrolls of teleportation
 h - 5 scrolls of magic mapping
 i - 5 scrolls of fear
 k - 3 scrolls of noise
 l - 2 scrolls of fog
 u - a scroll of silence {unknown}
 x - 2 scrolls of vulnerability {unknown}
 y - 2 scrolls of enchant armour {unknown}
 A - 3 scrolls of immolation {unknown}
 I - a scroll of blinking {unknown}
 J - a scroll of holy word {unknown}
 K - 2 scrolls of amnesia {unknown}
 M - 2 scrolls of torment {unknown}
 N - a scroll of summoning {unknown}
Potions
 a - 3 potions of invisibility
 c - 2 potions of ambrosia {unknown}
 e - a potion of degeneration {unknown}
 f - 3 potions of curing
 g - 2 potions of lignification {unknown}
 n - 4 potions of heal wounds {unknown}
 o - 3 potions of attraction {unknown}
 p - 4 potions of might
 q - 2 potions of berserk rage {unknown}
 t - a potion of haste {unknown}
 v - 3 potions of resistance {unknown}
 z - a potion of magic {unknown}
 B - a potion of brilliance {unknown}
Miscellaneous
 H - a condenser vane (inert)


   Skills:
 - Level 4.7 Fighting
 - Level 7.0 Dodging
 + Level 11.2 Stealth
 - Level 11.2 Unarmed Combat
 - Level 2.0 Spellcasting
 - Level 4.4 Hexes
 + Level 7.6 Translocations
 * Level 10.2 Transmutations
 - Level 3.0 Ice Magic


You had 11 spell levels left.
You knew the following spells:

 Your Spells              Type           Power      Damage    Failure   Level
a - Ensorcelled Hibernat  Hex/Ice        34%        N/A       4%          2

Your spell library contained the following spells:

 Spells                   Type           Power      Damage    Failure   Level
 Apportation              Tloc           68%        N/A       1%          1
 Sting                    Tmut/Pois      92%        1d7       1%          1
 Blink                    Tloc           68%        N/A       1%          2
 Lesser Beckoning         Tloc           34%        N/A       1%          3
 Passwall                 Tmut/Erth      19%        N/A       2%          2
 Spider Form              Tmut/Pois      23%        N/A       5%          3
 Confusing Touch          Hex            20%        N/A       8%          3
 Tukima's Dance           Hex            20%        N/A       8%          3
 Ignite Poison            Fire/Tmut/Pois 16%        N/A       11%         3
 Dazzling Flash           Conj/Hex       22%        N/A       19%         3
 Petrify                  Tmut/Erth      23%        N/A       19%         4
 Manifold Assault         Tloc           34%        N/A       19%         5
 Sublimation of Blood     Necr           2%         N/A       22%         2
 Mephitic Cloud           Conj/Pois/Air  2%         N/A       41%         3
 Irradiate                Conj/Tmut      11%        3d17      45%         5
 Dragon Form              Tmut           22%        N/A       88%         7
 Freezing Cloud           Conj/Ice/Air   3%         6-21      95%         5


Dungeon Overview and Level Annotations

Branches:
Dungeon (11/15)            Temple (1/1) D:5            Lair (1/6) D:11
    Orc (0/2) D:11

Altars:
Ashenzari
Cheibriados
Dithmenos
Fedhas
Gozag
Kikubaaqudgha
Makhleb
Nemelex Xobeh
Okawaru
Qazlal
Ru
Sif Muna
Uskayaw
Vehumet
Wu Jian
Xom
Yredelemnul
Zin
The Shining One

Shops:
D:9 =


Innate Abilities, Weirdness & Mutations

You have sharp claws.
You have razor-sharp teeth.
You have supernaturally acute eyesight. (SInv)
You cover ground quickly. (Speed+)
You are covered in thick fur. (AC +2)
You are missing a hand.
Your paws help you pounce on unaware monsters.
You are incapable of wielding weapons or throwing items.
You cannot wear armour.
You gain extra lives every three experience levels.


Message History

You eviscerate the water moccasin!!!!
You kill the water moccasin!
You feel very sick.
You feel sick.
You feel sick.
You feel sick.
The electric eel shoots out a bolt of lightning at you!
The bolt of electricity misses you.
You feel sick.
You feel sick.
You feel sick.
You feel sick.
You start resting.
You feel sick. x4
You are no longer poisoned.
You start resting.
HP restored.
You start resting.
Magic restored.
An electric eel is nearby!
The electric eel resists with significant effort.
The electric eel shoots out a bolt of lightning at you!
The bolt of electricity hits you! x2
The electric eel shoots out a bolt of lightning at you!
The bolt of electricity misses you.
You are too injured to fight recklessly!
You are too injured to fight recklessly!
Aiming: Ensorcelled Hibernation (safe; 4% risk of failure)
Press: ? - help, Q - select action, (/) - cycle Shift-Dir - straight line, f/p - electric eel
Aim: an electric eel (chance to affect: 59%)
The electric eel resists with significant effort.
A yak comes into view.
The electric eel shoots out a bolt of lightning at you!
The bolt of electricity hits you!
* * * LOW HITPOINT WARNING * * *
You closely miss the electric eel.
Unknown command.
Okay, then.
The electric eel shoots out a bolt of lightning at you!
The bolt of electricity hits you!
You die...

....######## ##.##...###..#
#........###...#....#....
#.#..............#......#
#....†....###..#..#....##
##.#.#P...# #..........#. .
#..##...#####...........
..#.....#..#..............
...≈≈...#.................
...≈≈≈≈..#@####............
#..≈≈≈≈≈S.....####P###......
#.≈≈≈≈≈≈≈...(## ## #......
#..≈≈≈≈≈.......# .......
.YY≈≈≈≈≈.>........ .......
≈≈≈≈≈Y.......... #...##.
.≈≈≈≈≈≈.#....... .#.# #.
.≈≈≈≈...#...#... ... #.
....≈........... . ..


You could see a yak and an electric eel.

Vanquished Creatures
  A boulder beetle (D:11)
  An ice dragon (D:11)
  3 manticores (D:11)
  A cane toad (Lair:1)
  An unseen horror (D:10)
  A rime drake (D:11)
  2 polar bears (D:11)
  4 trolls
  2 hornets
  A centaur simulacrum (D:11)
  2 shadows
  A vampire (D:10)
  2 wraiths
  2 wyverns
  16 yaks
  2 acid dragons
  3 water moccasins
  3 orc warriors
  3 ice beasts
  3 sky beasts
  2 ogres
  3 wolves (D:11)
  4 centaurs
  2 kobold brigands
  3 phantoms
  6 bullfrogs
  3 necrophages
  5 scorpions
  A howler monkey (D:7)
  2 electric eels (D:11)
  4 hounds
  2 jellies
  3 gnoll shamans
  2 orc priests
  4 iguanas
  7 orc wizards
  16 gnolls
  7 adders
  4 white imps
  3 ufetubi
  2 worms
  2 dart slugs
  28 orcs
  4 endoplasms
  5 giant cockroaches
  13 goblins
  7 hobgoblins
  9 kobolds
  2 quokkas (D:1)
  3 ball pythons
  7 bats
  5 frilled lizards
  6 rats
230 creatures vanquished.

Vanquished Creatures (others)
  An ice beast (D:11)
  A fungus (Lair:1)
2 creatures vanquished.

Grand Total: 232 creatures vanquished

Notes
Turn   | Place    | Note
-------+----------+-------------------------------------------
     0 | D:1      | Ajdolov the Felid Enchanter began the quest for the Orb.
     0 | D:1      | Reached XP level 1. HP: 7/7 MP: 4/4
   445 | D:1      | Reached XP level 2. HP: 7/11 MP: 6/6
   655 | D:1      | Reached skill level 5 in Stealth
   832 | D:1      | Found a faded altar of an unknown god.
  1282 | D:2      | Reached XP level 3. HP: 7/14 MP: 7/7
  1446 | D:2      | Learned a level 2 spell: Ensorcelled Hibernation
  2091 | D:2      | Reached XP level 4. HP: 18/18 MP: 3/8
  2863 | D:3      | Reached skill level 1 in Ice Magic
  3321 | D:3      | Reached XP level 5. HP: 21/21 MP: 9/9
  3942 | D:4      | Noticed a sky beast
  3948 | D:4      | Killed a sky beast
  3949 | D:4      | Gained mutation: You are covered in thick fur. (AC +2)
                  | [Felid growth]
  3949 | D:4      | Reached XP level 6. HP: 19/24 MP: 5/10
  5372 | D:5      | Entered Level 5 of the Dungeon
  5377 | D:5      | Reached skill level 5 in Unarmed Combat
  5377 | D:5      | Reached XP level 7. HP: 23/27 MP: 11/11
  5656 | D:5      | Found a staircase to the Ecumenical Temple.
  5919 | D:5      | Reached XP level 8. HP: 31/31 MP: 6/12
  6443 | D:6      | Killed from afar by an acid dragon
  6444 | D:6      | Reached XP level 7. HP: -6/28 MP: 2/11
  6518 | D:6      | Reached skill level 1 in Fighting
  6598 | D:6      | Killed from afar by an acid dragon
  6599 | D:6      | Reached XP level 6. HP: -12/25 MP: 6/10
  6650 | D:6      | Noticed an orc warrior
  6658 | D:6      | Killed an orc warrior
  6662 | D:6      | Reached XP level 7. HP: 29/29 MP: 3/11
  7606 | D:7      | Reached XP level 8. HP: 34/34 MP: 9/12
  7618 | D:7      | Reached skill level 5 in Dodging
  7847 | D:7      | Noticed a troll
  7860 | D:7      | Killed a troll
  7861 | D:7      | Reached skill level 10 in Unarmed Combat
  8319 | D:7      | Identified the ring of High {Fly rF+}
  9128 | D:8      | Reached XP level 9. HP: 39/39 MP: 10/13
  9716 | Temple   | Entered the Ecumenical Temple
  9759 | Temple   | Became a worshipper of Ru the Awakened
  9871 | D:8      | Found a radiant altar of Vehumet.
 10320 | D:8      | Identified a scroll of acquirement
 10323 | D:8      | Acquired the Guide on Warped Changing
 10400 | D:9      | Reached skill level 1 in Transmutations
 10542 | D:9      | Noticed a troll
 10628 | D:9      | Noticed a troll
 10670 | D:9      | Killed a troll
 10849 | D:9      | Reached XP level 10. HP: 43/43 MP: 3/14
 10953 | D:9      | Reached skill level 5 in Transmutations
 11326 | D:9      | Found Nuopevod's Jewellery Shop.
 11381 | D:10     | Entered Level 10 of the Dungeon
 11460 | D:10     | Reached skill level 1 in Translocations
 11591 | D:10     | Gained mutation: You are missing a hand. [Ru sacrifice]
 11591 | D:10     | Reached * piety under Ru
 11591 | D:10     | Reached ** piety under Ru
 12244 | D:11     | Noticed a manticore
 12247 | D:11     | Killed a manticore
 12460 | D:11     | Noticed a manticore
 12475 | D:11     | Killed a manticore
 12476 | D:11     | Reached skill level 5 in Translocations
 12482 | D:11     | Noticed a boulder beetle
 12526 | D:11     | Killed a boulder beetle
 12527 | D:11     | Reached skill level 10 in Stealth
 12527 | D:11     | Reached XP level 11. HP: 42/46 MP: 7/15
 12737 | D:11     | Found a frozen archway.
 12738 | D:11     | Noticed an ice dragon
 12920 | D:11     | Found a staircase to the Lair.
 13278 | D:11     | Found a staircase to the Orcish Mines.
 13668 | D:11     | Killed an ice dragon
 13718 | D:11     | Mangled by a polar bear
 13719 | D:11     | Reached XP level 10. HP: -9/43 MP: 12/14
 13751 | D:11     | Reached skill level 10 in Transmutations
 13819 | Lair:1   | Entered Level 1 of the Lair of Beasts
 13845 | Lair:1   | Noticed a cane toad
 13859 | Lair:1   | Killed a cane toad
 13984 | Lair:1   | Killed from afar by an electric eel

Illustrated notes

Levels and vault maps discovered:
D:1:      lemuel_arrival_broad_hall, layout_loops_cross,
          chequers_ecumenical_altar_island
D:2:      layout_loops_ring
D:3:      layout_loops_ring
D:4:      layout_basic
D:5:      layout_loops_ring, temple_green
D:6:      layout_basic
D:7:      layout_basic, enter_bailey_4, kennysheep_generic_room_10
D:8:      layout_layer_cave, nicolae_overflow_crystal_walls
D:9:      layout_roguey, serial_shops, kennysheep_mini_moat,
          nicolae_straight_to_the_point
D:10:     layout_basic
D:11:     layout_basic, erik_lair_island, orc_0_dummy, serial_ice, serial_ice_k,
          serial_ice_m, serial_ice_d, serial_ice_n,
          portal_ice_cave_entry_animals_and_master
Temple:   grunt_wide_crystal_templ
Lair:1:   gammafunk_cloud_chamber, layout_misc_corridors,
          infiniplex_staircase_pool

Skill      XL: |  1  2  3  4  5  6  7  8  9 10 11 |
---------------+----------------------------------+-----
Stealth        | 5 6 7 11 | 11.2
Unarmed Combat | 2 3 9 7 10 11 | 11.2
Ice Magic      | 1 2 3 |  3.0
Dodging        | 4 6 7 |  7.0
Fighting       | 3 4 |  4.7
Transmutations | 4 10 9 | 10.2
Translocations | 5 7 |  7.6
Spellcasting   | |  2.0
Hexes          | |  4.4

Action                   |  1- 3 |  4- 6 |  7- 9 | 10-12 || total
-------------------------+-------+-------+-------+-------++-------
Melee: Unarmed           |    72 |    93 |   283 |   170 ||   618
       Bite              |     3 |     3 |    27 |    21 ||    54
       Punch             |     1 |       |    18 |     3 ||    22
 Cast: Ensorcelled Hiber |     5 |    43 |    95 |    49 ||   192
Invok: Sacrifice a Hand  |       |       |       |     1 ||     1
Evoke: Wand              |       |       |       |    13 ||    13
       Condenser vane    |       |       |       |     1 ||     1
  Use: Potion            |     1 |       |       |       ||     1
       Scroll            |       |       |    11 |       ||    11
 Stab: Sleeping          |    21 |    33 |    50 |    31 ||   135
       Distracted        |       |     1 |     1 |     3 ||     5
       Invisible         |       |       |       |     1 ||     1
       Paralysed         |       |       |       |     2 ||     2
Armor: Skin              |     3 |     3 |    34 |     6 ||    46
Dodge: Dodged            |    27 |    56 |   231 |   139 ||   453

Table legend: (Time is in decaauts)
 A = Elapsed time spent in this place.
 B = Non-inter-level travel time spent in this place.
 C = Inter-level travel time spent in this place.
 D = Time resting spent in this place.
 E = Time spent auto-exploring this place.
 F = Levels seen in this place.
 G = Mean time per level.
                   A        B        C        D        E       F      G
               +--------+--------+--------+--------+--------+-----+--------+
         Total |  12115 |  11420 |    695 |   1166 |   8067 |  13 |  931.9 |
       Dungeon |  11923 |  11235 |    688 |   1122 |   7979 |  11 | 1083.9 |
        Temple |     42 |     36 |      6 |      0 |     20 |   1 |   42.0 |
          Lair |    148 |    148 |      0 |     44 |     66 |   1 |  148.0 |
               +--------+--------+--------+--------+--------+-----+--------+

Top non-repeatable levels by time:
     D:3: 1374 daAuts
    D:11: 1324 daAuts
     D:4: 1220 daAuts
     D:7: 1167 daAuts
     D:8: 1110 daAuts
     D:2: 1105 daAuts
     D:1: 1093 daAuts
     D:6: 1001 daAuts
     D:9: 877 daAuts
     D:5: 870 daAuts
    D:10: 776 daAuts
  Lair:1: 148 daAuts
  Temple: 42 daAuts
